 Dungeon Crawl Stone Soup version 0.21.1-1-g345015f (webtiles) character file.

7911 warwik96 the Pandemonic (level 11, -4/100 HPs)
             Began as a Deep Dwarf Fighter on Mar 13, 2018.
             Was a High Priest of Makhleb.
             Slain by a swamp worm (12 damage)
             ... on level 10 of the Dungeon.
             The game lasted 00:59:46 (7685 turns).

warwik96 the Pandemonic (Deep Dwarf Fighter)        Turns: 7685, Time: 00:59:47

Health: -4/100     AC: 20    Str: 24    XL:     11   Next: 3%
Magic:  11/11      EV: 12    Int:  9    God:    Makhleb [*****.]
Gold:   421        SH:  0    Dex: 20    Spells: 6/10 levels left

rFire    . . .     SeeInvis .   x - +0 battleaxe
rCold    . . .     Gourm    .   (shield currently unavailable)
rNeg     . . .     Faith    +   b - +3 plate armour
rPois    .         Spirit   .   y - +0 helmet
rElec    .         Reflect  .   (no cloak)
rCorr    .         Harm     .   (no gloves)
MR       +....                  c - +0 pair of boots
Stlth    ..........             j - amulet of the Mutiny {Faith Str+4 Stlth+}
HPRegen  0.00/turn              (no ring)
MPRegen  0.12/turn              (no ring)

@: confused, agile, non-regenerating
A: damage resistance, heal wounds, sense surroundings 2, no regeneration
a: Heal Wounds, Minor Destruction, Lesser Servant of Makhleb, Major Destruction,
Greater Servant of Makhleb, Renounce Religion


You were on level 10 of the Dungeon.
You worshipped Makhleb.
Makhleb was extremely pleased with you.
You were not hungry.

You visited 1 branch of the dungeon, and saw 10 of its levels.

You collected 421 gold pieces.

Inventory:

Hand Weapons
 x - a +0 battleaxe (weapon)
Armour
 b - a +3 plate armour (worn)
 c - a +0 pair of boots (worn)
 y - a +0 helmet (worn)
Jewellery
 j - the amulet of the Mutiny (around neck) {Faith Str+4 Stlth+}
   (You found it on level 2 of the Dungeon)

   [amulet of faith]

   It allows you to gain divine favour quickly.
   It affects your strength (+4).
   It makes you more stealthy.
 D - an uncursed ring of see invisible {unknown}
Wands
 m - a wand of digging (10)
 t - a wand of clouds (4)
 w - a wand of iceblast (1)
 E - a wand of polymorph (9)
 F - a wand of scattershot (7)
Scrolls
 e - a scroll of fear
 h - 5 scrolls of teleportation
 l - 3 scrolls of blinking
 o - 2 scrolls of enchant weapon
 q - 5 scrolls of amnesia
 r - a scroll of magic mapping {unknown}
 s - 3 scrolls of remove curse
Potions
 a - a potion of heal wounds {unknown}
 d - a potion of might
 i - a potion of ambrosia
 k - a potion of flight {unknown}
 n - 2 potions of agility
 p - a potion of mutation {unknown}
 u - 3 potions of brilliance {unknown}
 v - a potion of curing {unknown}
 B - a potion of degeneration {unknown}
 C - a potion of invisibility {unknown}
Books
 g - a book of Battle

   Spells                             Type                      Level
   a - Infusion                       Charms                       1
   b - Shroud of Golubria             Charms/Translocation         2
   c - Song of Slaying                Charms                       2
   d - Spectral Weapon                Hexes/Charms                 3
   e - Regeneration                   Charms/Necromancy            3
 z - a book of Ice

   Spells                             Type                      Level
   a - Ice Form                       Ice/Transmutation            4
   b - Metabolic Englaciation         Hexes/Ice                    5
   c - Ozocubu's Refrigeration        Ice                          6
   d - Bolt of Cold                   Conjuration/Ice              6
   e - Freezing Cloud                 Conjuration/Ice/Air          6
   f - Simulacrum                     Ice/Necromancy               6
Comestibles
 f - 24 rations
 A - 20 chunks of flesh


   Skills:
 + Level 7.6 Fighting
 + Level 9.2 Axes
 + Level 9.2 Armour
   Level 3.2 Shields
 + Level 9.3 Invocations
 + Level 9.3 Evocations


You had 6 spell levels left.
You knew the following spells:

 Your Spells              Type           Power        Failure   Level  Hunger
a - Petrify               Tmut/Erth      #.......     100%        4    #####..


Dungeon Overview and Level Annotations

Branches:
Dungeon (10/15)            Temple (0/1) D:7            Lair (0/6) D:10
    Orc: D:9-12

Altars:
Ashenzari
Elyvilon
Fedhas
Hepliaklqana
Makhleb
Okawaru
Ru
Wu Jian
The Shining One

Annotations:
D:4 Grinder
D:9 2 transporters


Innate Abilities, Weirdness & Mutations

You are resistant to damage.
You can heal yourself by infusing magical energy.
You passively map the area around you.
You do not regenerate.


Message History

The swamp worm bites you.
* * * LOW HITPOINT WARNING * * *
The swamp worm bites you!
* * * LOW HITPOINT WARNING * * *
It was a potion of ambrosia.
You are confused.
You feel invigorated. The swamp worm bites you.
* * * LOW HITPOINT WARNING * * *
The swamp worm bites you!
* * * LOW HITPOINT WARNING * * *
You feel agile all of a sudden.
The swamp worm bites you but does no damage.
The swamp worm misses you. The swamp worm bites you!
* * * LOW HITPOINT WARNING * * *
You hit the swamp worm.
The swamp worm is lightly wounded.
You hit the swamp worm but do no damage.
The swamp worm bites you but does no damage.
The swamp worm bites you!
You die...

...................# #.#
...................# #.#
................÷..# #.#
................)..######.#
................))........#
................))........#
..........###...)##########
##...##...# #....#
#...##...# #...@#
#...##...###..ww##
##........#≈≈≈≈≈≈≈#########
.........≈≈≈≈≈≈≈≈≈≈≈......#
........≈≈≈#######≈≈≈.....#
.[......≈≈##≈≈≈≈≈#≈≈≈.....#
#####...≈≈#$≈≈≈≈≈≈≈≈≈....>#
#...≈≈##≈≈≈≈≈#≈≈≈.....#
#...≈≈≈#######≈≈≈.....#


You could see 2 swamp worms.

Vanquished Creatures
  2 two-headed ogres
  An elephant (D:10)
  Joseph (D:8)
  The ghost of appiemonkey the Shield-Bearer, a novice FoFi of Cheibriados (D:6)
  2 trolls
  2 hornets (D:9)
  A hippogriff (D:10)
  The ghost of homeworkjunkie the Chopper, an amateur HOFi (D:3)
  A wyvern (D:10)
  2 basilisks
  2 swamp worms (D:10)
  4 orc warriors
  A phantom (D:4)
  4 ice beasts
  A black bear (D:9)
  A necrophage (D:9)
  3 ogres
  3 centaurs
  A crocodile (D:8)
  A big kobold (D:9)
  Blork the orc (D:5)
  A bullfrog (D:8)
  A gnoll sergeant (D:10)
  A wyvern zombie (D:10)
  2 scorpions (D:4)
  6 killer bees
  4 wights (D:8)
  A bullfrog zombie (D:6)
  2 crimson imps
  5 jellies
  2 quasits
  3 orc priests
  5 hounds
  3 centaur skeletons
  2 bullfrog skeletons
  An iguana (D:4)
  6 orc wizards
  Ijyb (D:5)
  9 worker ants
  A killer bee zombie (D:6)
  3 howler monkey skeletons
  2 worker ant zombies
  4 gnolls (D:10)
  7 adders
  4 shadow imps
  6 oozes
  An adder zombie (D:9)
  An adder skeleton (D:4)
  12 worms (D:10)
  A dart slug (D:4)
  2 leopard geckos
  23 orcs
  3 bats (D:1)
  2 giant cockroaches
  13 goblins
  3 hobgoblins
  7 jackals
  16 kobolds
  4 quokkas
  A frilled lizard (D:3)
  2 quokka skeletons
  4 rats
213 creatures vanquished.

Vanquished Creatures (others)
  4 plants (D:10)
4 creatures vanquished.

Grand Total: 217 creatures vanquished

Notes
Turn   | Place    | Note
-------+----------+-------------------------------------------
     0 | D:1      | warwik96 the Deep Dwarf Fighter began the quest for the Orb.
     0 | D:1      | Reached XP level 1. HP: 20/20 MP: 1/1
   141 | D:1      | Reached XP level 2. HP: 25/27 MP: 2/2
   985 | D:2      | Got a transparent lead amulet
   995 | D:2      | Identified the amulet of the Mutiny {Faith Str+4 Stlth+} (You found it on level 2 of the Dungeon)
  1169 | D:2      | Reached XP level 3. HP: 29/34 MP: 3/3
  1637 | D:3      | Noticed homeworkjunkie's ghost (amateur HOFi)
  1797 | D:3      | Killed homeworkjunkie's ghost
  1797 | D:3      | Reached XP level 4. HP: 36/43 MP: 4/4
  1797 | D:3      | Reached XP level 5. HP: 41/49 MP: 5/5
  1819 | D:3      | Found a faded altar of an unknown god.
  1994 | D:3      | Found a burning altar of Makhleb.
  1997 | D:3      | Became a worshipper of Makhleb the Destroyer
  2419 | D:4      | Reached skill level 1 in Evocations
  2421 | D:4      | Reached skill level 1 in Invocations
  2421 | D:4      | Reached XP level 6. HP: 33/57 MP: 6/6
  2427 | D:4      | Reached skill level 5 in Axes
  2593 | D:4      | Noticed Grinder
  2957 | D:4      | Reached skill level 5 in Armour
  2966 | D:4      | Reached XP level 7. HP: 49/64 MP: 8/8
  3053 | D:4      | Found a shattered altar of Ashenzari.
  3167 | D:5      | Entered Level 5 of the Dungeon
  3209 | D:5      | Reached * piety under Makhleb
  3621 | D:5      | Noticed Blork the orc
  3754 | D:5      | Killed Blork the orc
  3917 | D:5      | Noticed Ijyb
  3948 | D:5      | Killed Ijyb
  3948 | D:5      | Reached ** piety under Makhleb
  3948 | D:5      | Reached XP level 8. HP: 61/73 MP: 11/11
  4173 | D:6      | Learned a level 4 spell: Petrify
  4255 | D:6      | Noticed appiemonkey's ghost (novice FoFi)
  4275 | D:6      | Killed appiemonkey's ghost
  4275 | D:6      | Reached skill level 5 in Fighting
  4275 | D:6      | Reached skill level 5 in Evocations
  4326 | D:6      | Got an ancient ring mail
  4337 | D:6      | Identified the cursed +0 ring mail "Meafab" {rF+ Regen+ Int+3 Stlth+} (You found it on level 6 of the Dungeon)
  4365 | D:6      | Found a glowing golden altar of the Shining One.
  4384 | D:6      | Reached skill level 5 in Invocations
  4751 | D:7      | Found a hazy altar of Hepliaklqana.
  4751 | D:7      | Found a white marble altar of Elyvilon.
  4751 | D:7      | Found an iron altar of Okawaru.
  4809 | D:7      | Found a blossoming altar of Fedhas.
  4879 | D:7      | Gained mutation: You passively map the area around you. [Deep Dwarf growth]
  4879 | D:7      | Reached XP level 9. HP: 81/81 MP: 11/11
  4921 | D:7      | Reached *** piety under Makhleb
  4954 | D:7      | Found a staircase to the Ecumenical Temple.
  5405 | D:8      | Noticed Joseph
  5425 | D:8      | Killed Joseph
  5715 | D:8      | Found an ornate altar of the Wu Jian Council.
  5717 | D:8      | Found a sacrificial altar of Ru.
  5897 | D:8      | Reached **** piety under Makhleb
  6022 | D:9      | Found a transporter.
  6023 | D:9      | Noticed an orc high priest
  6040 | D:9      | Noticed a two-headed ogre
  6095 | D:9      | Killed a two-headed ogre
  6095 | D:9      | Reached XP level 10. HP: 92/92 MP: 9/9
  6216 | D:9      | Paralysed by a hornet for 3 turns
  6253 | D:9      | Found a transporter.
  6630 | D:9      | Paralysed by a hornet for 3 turns
  6634 | D:9      | Paralysed by a hornet for 2 turns
  6674 | D:9      | Reached ***** piety under Makhleb
  6899 | D:10     | Entered Level 10 of the Dungeon
  6911 | D:10     | Found a staircase to the Lair.
  6911 | D:10     | Noticed an elephant
  7095 | D:10     | Noticed a two-headed ogre
  7108 | D:10     | Killed a two-headed ogre
  7591 | D:10     | Killed an elephant
  7591 | D:10     | Reached XP level 11. HP: 54/100 MP: 9/11
  7684 | D:10     | HP: 2/100 [swamp worm (8)]
  7685 | D:10     | Slain by a swamp worm

Skill      XL: |  1  2  3  4  5  6  7  8  9 10 |
---------------+-------------------------------+-----
Axes           | 3 4 5 6 7 8 9 |  9.2
Fighting       | 3 4 5 6 7 |  7.6
Armour         | 4 5 6 8 9 |  9.2
Evocations     | 1 2 4 5 7 9 |  9.3
Invocations    | 1 2 3 5 7 9 |  9.3
Shields        | |  3.2

Action                   |  1- 3 |  4- 6 |  7- 9 | 10-12 || total
-------------------------+-------+-------+-------+-------++-------
Melee: War axe           |    85 |    94 |   204 |       ||   383
       Battleaxe         |       |       |   183 |   254 ||   437
Invok: Major Destruction |       |       |       |     1 ||     1
 Abil: Heal Wounds       |       |     1 |    18 |     3 ||    22
Evoke: Wand              |     4 |       |    34 |     3 ||    41
  Use: Scroll            |     3 |       |     6 |       ||     9
       Potion            |       |       |     1 |     2 ||     3
 Stab: Sleeping          |       |       |     6 |       ||     6
  Eat: Chunk             |     3 |     2 |    12 |     6 ||    23
Armor: Scale mail        |    23 |       |       |       ||    23
       Plate armour      |    16 |    79 |   252 |   223 ||   570
       Ring mail         |       |       |    63 |       ||    63
Dodge: Dodged            |    28 |    31 |   208 |   118 ||   385
Block: Shield            |    40 |       |       |       ||    40
